 Dungeon Crawl Stone Soup version 0.26-a0-466-g989023bd0d (webtiles) character file.

Game seed: 4703300902388661791

162 Apogee the Chopper (level 5, -3/49 HPs)
             Began as a Deep Dwarf Fighter on Aug 1, 2020.
             Slain by an ogre
             ... wielding a +0 giant spiked club
              (22 damage)
             ... on level 4 of the Dungeon.
             The game lasted 00:01:49 (432 turns).

Apogee the Chopper (Deep Dwarf Fighter)              Turns: 432, Time: 00:01:49

Health: -3/49      AC:  7    Str: 21    XL:     5   Next: 19%
Magic:  4/4        EV:  7    Int:  8    God:
Gold:   31         SH:  9    Dex: 12    Spells: 4/4 levels left

rFire    . . .     SeeInvis .   a - +0 war axe
rCold    . . .     Faith    .   c - +0 kite shield
rNeg     . . .     Spirit   .   b - +0 scale mail
rPois    .         Reflect  .   (no helmet)
rElec    .         Harm     .   (no cloak)
rCorr    .                      (no gloves)
MR       .....                  (no boots)
Stlth    ..........             (no amulet)
HPRegen  0.00/turn              (no ring)
MPRegen  0.09/turn              (no ring)

@: non-regenerating
A: damage resistance, heal wounds, sense surroundings 1, no regeneration
a: Heal Wounds


You were on level 4 of the Dungeon.
You visited 1 branch of the dungeon, and saw 4 of its levels.

You collected 31 gold pieces.

Inventory:

Hand Weapons
 a - a +0 war axe (weapon)
 h - the +8 mace "Wofuc" {drain, +Inv rC- Str+4 Int+4, unknown}
   (You found it on level 4 of the Dungeon)

   A truly terrible weapon, it drains the life of those it strikes.
   It affects your strength (+4).
   It affects your intelligence (+4).
   It makes you vulnerable to cold.
   It lets you turn invisible.
 i - the +10 dagger "Jiteiso" {antimagic, Dex+4, unknown}
   (You found it on level 4 of the Dungeon)

   It reduces the magical energy of the wielder, and disrupts the spells and
   magical abilities of those hit.
   Natural abilities and divine invocations are not affected.
   It affects your dexterity (+4).
Armour
 b - a +0 scale mail (worn)
 c - a +0 kite shield (worn)
Scrolls
 e - a scroll of random uselessness {unknown}
 f - a scroll of teleportation {unknown}
 g - a scroll of amnesia {unknown}
Potions
 d - a potion of might


   Skills:
 + Level 3.3 Fighting
 * Level 4.1 Axes
 + Level 4.1 Armour
 + Level 4.1 Shields


You had 4 spell levels left.
You didn't know any spells.
Your spell library was empty.

Dungeon Overview and Level Annotations

Branches:
Dungeon (4/15)
 Temple: D:4-7

Altars:


Innate Abilities, Weirdness & Mutations

You are resistant to damage.
You can heal yourself by infusing magical energy.
You passively map a small area around you.
You do not regenerate.


Message History

The puff of flame misses you.
You hit the orc wizard.
You kill the orc wizard!
Your Axes skill increases to level 4!
You have reached level 5!
A magic dart appears from out of thin air!
The magic dart hits you.
The orc throws a boomerang.
You block the boomerang.
The weapon returns to the orc!
Something hits you but does no damage. You block the orc's attack.
Things that are here:
a +0 dagger; a +0 robe; an orc corpse You slash something!
You hit the orc but do no damage.
You hear some strange, mumbled words.
Something tries to affect you, but you resist.
You block the orc's attack. Something hits you but does no damage.
An ogre comes into view. It is wielding a +0 giant spiked club.
You miss something.
The ogre shouts!
You hit the orc. The orc hits you. Something hits you.
You block the orc's attack.
You closely miss something. You hit the orc.
You kill the orc!
You block something's attack.
Unknown command.
You barely miss something. Something hits you but does no damage.
Something hits you.
You miss something. Something hits you but does no damage.
You closely miss something. Something hits you but does no damage.
Something hits you but does no damage. You block the ogre's attack.
You barely miss the ogre. You hit the ogre. You block the ogre's attack.
Your shield prevents you from hitting the ogre.
You block the ogre's attack. The ogre hits you but does no damage.
You hit the ogre. You hit the ogre. The ogre closely misses you.
You hit the ogre.
The ogre hits you with a +0 giant spiked club!
You slash the ogre!
The ogre hits you with a +0 giant spiked club!!
* * * LOW HITPOINT WARNING * * *
You barely miss the ogre.
The ogre hits you with a +0 giant spiked club!!
You die...

, , ... ##...
...... * , ..
....# * ##.... *
,,......#, , #####
, #., #.#..., #* ,
..# , ,...
#.##.#..##.# #.#
..*
#.#####......... *
##.# ..#
#.##.......({.#*
#... ### #.#
#.##.#* #.#O#*
#..#.... #.#
#.##.# #.#@#
#..##### #.#
#.##.# #.#.# #..#
#.# #.##.#####.#.#
#######..#####
#.###............#
.........)....
#.........##.#####
#######.######
#.#######.##.# #.#
..# #.##.# #.# #.#
#.##.# #.# #.#
#....# #.#


You could see an ogre.

Vanquished Creatures
  A bullfrog (D:2)
  An orc wizard (D:4)
  A centaur skeleton (D:4)
  An adder (D:4)
  An ooze (D:1)
  A worm (D:4)
  5 orcs
  3 kobolds
  A quokka (D:4)
  2 bats
  A frilled lizard (D:4)
  A quokka skeleton (D:4)
  4 rats
23 creatures vanquished.

Notes
Turn   | Place    | Note
-------+----------+-------------------------------------------
     0 | D:1      | Apogee the Deep Dwarf Fighter began the quest for the Orb.
     0 | D:1      | Reached XP level 1. HP: 20/20 MP: 1/1
    99 | D:2      | Noticed a bullfrog
   114 | D:2      | Killed a bullfrog
   114 | D:2      | Reached XP level 2. HP: 12/28 MP: 2/2
   114 | D:2      | Reached XP level 3. HP: 15/34 MP: 3/3
   114 | D:2      | Reached XP level 4. HP: 18/42 MP: 4/4
   272 | D:4      | Got a crystal mace
   360 | D:4      | Got a bloodstained dagger
   416 | D:4      | Reached XP level 5. HP: 49/49 MP: 4/4
   418 | D:4      | Noticed an ogre
   432 | D:4      | Slain by an ogre

Illustrated notes

Levels and vault maps discovered:
D:1:      sevenhm_arrival_forest_fort_small_4, layout_basic, nrook_campfire
D:2:      layout_rooms, nicolae_ru_great_annihilating_truth, uniq_jessica
D:3:      layout_loops_corners, chequers_ecumenical_altar_simple_redux,
          serial_glass, glass_columns_a, glass_columns_a, glass_columns_b,
          glass_columns_a, glass_columns_a, glass_columns_c, glass_columns_a,
          glass_columns_b, glass_columns_c, glass_columns_c, glass_columns_a,
          glass_columns_a, glass_columns_c, glass_columns_a, uniq_robin
D:4:      layout_loops_ring, minmay_manual_macuahuitl

Skill      XL: |  1  2  3  4 |
---------------+-------------+-----
Fighting       | 3 |  3.3
Axes           | 3 4 |  4.1
Armour         | 4 |  4.1
Shields        | 4 |  4.1

Action                   |  1- 3 |  4- 6 || total
-------------------------+-------+-------++-------
Melee: War axe           |    24 |    64 ||    88
 Abil: Heal Wounds       |       |     2 ||     2
Armor: Scale mail        |    11 |    26 ||    37
Dodge: Dodged            |     8 |    12 ||    20
Block: Kite shield       |    17 |    28 ||    45

Table legend: (Time is in decaauts)
 A = Elapsed time spent in this place.
 B = Non-inter-level travel time spent in this place.
 C = Inter-level travel time spent in this place.
 D = Time resting spent in this place.
 E = Time spent auto-exploring this place.
 F = Levels seen in this place.
 G = Mean time per level.
                   A        B        C        D        E       F      G
               +--------+--------+--------+--------+--------+-----+--------+
         Total |    474 |    474 |      0 |      0 |    237 |   4 |  118.5 |
       Dungeon |    474 |    474 |      0 |      0 |    237 |   4 |  118.5 |
               +--------+--------+--------+--------+--------+-----+--------+

Top non-repeatable levels by time:
     D:4: 270 daAuts
     D:1: 94 daAuts
     D:2: 91 daAuts
     D:3: 18 daAuts
